 Dungeon Crawl Stone Soup version 0.31-a0-703-gcfe89afef6 (webtiles) character file.

Game seed: 5600607294229210230

75 qw the Shooter (level 4, -5/28 HPs)
             Began as a Gargoyle Hunter on Sept 8, 2023.
             Slain by Terence
             ... wielding a +5 flail of protection
              (7 damage)
             ... on level 3 of the Dungeon.
             The game lasted 00:00:42 (1385 turns).

qw the Shooter (Gargoyle Hunter)                    Turns: 1385, Time: 00:00:43

Health: -5/28      AC:  6    Str: 15    XL:     4   Next: 31%
Magic:  4/4        EV: 11    Int:  9    God:
Gold:   78         SH:  0    Dex: 15    Spells: 3/3 levels left

rFire   . . .        Y - +0 shortbow
rCold   . . .        (shield currently unavailable)
rNeg    + . .        c - +0 leather armour
rPois   inf          (no helmet)
rElec   +            (no cloak)
rCorr   .            (no gloves)
SInv    .            (no boots)
Will    .....        g - amulet of the acrobat
Stlth   ++           (no ring)
HPRegen 0.24/turn    (no ring)
MPRegen 0.09/turn

%: acrobat
@: no status effects
A: sickness immunity, AC +3, negative energy resistance 1, electricity
resistance, torment resistance 1, petrification resistance
a: no special abilities


You were on level 3 of the Dungeon.
You visited 1 branch of the dungeon, and saw 3 of its levels.

You collected 78 gold pieces.


Innate Abilities, Weirdness & Mutations

You are immune to sickness and miasma.
Your stone body is resilient. (AC +3)
You are immune to poison.
You resist negative energy. (rN+)
You are resistant to electric shocks. (rElec)
You are resistant to unholy torment.
You are immune to petrification.


   Skills:
 - Level 3.0 Fighting
 + Level 5.3 Ranged Weapons
 - Level 1.5 Dodging
 - Level 1.1 Stealth


You had 3 spell levels left.
You didn't know any spells.
Your spell library was empty.

Inventory:

Hand Weapons
 Y - a +0 shortbow (weapon)
Armour
 a - a +0 ring mail
 c - a +0 leather armour (worn)
Jewellery
 g - an amulet of the acrobat (around neck)
Scrolls
 i - a scroll of identify
Potions
 d - a potion of mutation {unknown}
 e - a potion of invisibility {unknown}
 h - a potion of magic {unknown}

Dungeon Overview and Level Annotations

Branches:
Dungeon (3/15)

Altars:
Nemelex Xobeh

Annotations:
D:3 Terence


Message History

Enter note:
Enter note:
Found 6 poisoned darts.
Terence the Incautious comes into view.
He is wielding a +5 flail of protection.
You shoot an arrow.
The arrow hits Terence but does no damage.
Terence shouts!
You shoot an arrow. The arrow hits Terence.
Terence is lightly wounded.
Terence misses you.
You shoot an arrow.
The arrow hits Terence but does no damage.
Terence is lightly wounded.
Terence closely misses you.
You shoot an arrow. The arrow hits Terence.
Terence is moderately wounded.
Terence barely misses you.
You shoot an arrow. The arrow closely misses Terence.
Terence hits you with a +5 flail of protection.
Terence closely misses you.
You shoot an arrow. The arrow barely misses Terence.
Terence hits you with a +5 flail of protection!
You shoot an arrow. The arrow closely misses Terence.
Terence hits you with a +5 flail of protection.
You shoot an arrow. The arrow hits Terence.
Terence is heavily wounded.
Terence hits you with a +5 flail of protection.
You shoot an arrow.
The arrow hits Terence but does no damage.
Terence is heavily wounded.
Terence hits you with a +5 flail of protection.
You shoot an arrow.
The arrow hits Terence but does no damage.
Terence is heavily wounded.
Terence closely misses you. Terence barely misses you.
You shoot an arrow.
The arrow hits Terence but does no damage.
Terence is heavily wounded.
Terence hits you with a +5 flail of protection!
You die...

## ####.####
##..)....#
#......#.#
......#.# #######
#.@.#.# #.....#
..#.#@#.###.....#
...#.#.#.........#
..........###.....#
...........##.....#
...........########
...........####
(....#........#
#..........##.#
.........####.#


You could see Terence.

Vanquished Creatures
  2 adders (D:2)
  A worm (D:2)
  A dart slug (D:2)
  5 orcs
  5 ball pythons
  2 endoplasms
  2 giant cockroaches (D:1)
  3 goblins (D:2)
  5 hobgoblins
  5 quokkas
  5 bats
  4 frilled lizards
  3 kobolds
  A rat (D:1)
44 creatures vanquished.

Notes
Turn   | Place    | Note
-------+----------+-------------------------------------------
     0 | D:1      | qw the Gargoyle Hunter began the quest for the Orb.
     0 | D:1      | Reached XP level 1. HP: 12/12 MP: 1/1
     0 | D:1      | 0 ||| qw: Version: 0.3-a-76-g4403597
     0 | D:1      | 0 ||| qw: Game counter: 1271
     0 | D:1      | 0 ||| qw: Melee chars always use a shield: true
     0 | D:1      | 0 ||| qw: God list: Okawaru
     0 | D:1      | 0 ||| qw: Allow faded altars: false
     0 | D:1      | 0 ||| qw: Do Orc after clearing Dungeon:15 true
     0 | D:1      | 0 ||| qw: Do second Lair branch before Depths: true
     0 | D:1      | 0 ||| qw: Lair rune preference: random
     0 | D:1      | 0 ||| qw: Goals: Normal
     0 | D:1      | 0 ||| PLANNING D:1-11
   267 | D:1      | Reached XP level 2. HP: 17/17 MP: 2/2
   755 | D:1      | 755 ||| READING scroll labelled JUCISI MOGIPSAOJ.
   756 | D:1      | 756 ||| READING scroll labelled LEGYUG KAZXAE.
   757 | D:1      | 757 ||| DRINKING 2 bubbling golden potions.
   758 | D:1      | 758 ||| DROPPING scroll of butterflies.
   759 | D:1      | 759 ||| DROPPING potion of attraction.
   769 | D:2      | Found a sparkling altar of Nemelex Xobeh.
   816 | D:2      | 816 ||| FLEEEEING.
   818 | D:2      | 818 ||| FLEEEEING.
   819 | D:2      | 819 ||| FLEEEEING.
   825 | D:2      | 825 ||| FLEEEEING.
   846 | D:2      | Reached XP level 3. HP: 21/21 MP: 3/3
   855 | D:2      | Reached skill level 5 in Ranged Weapons
  1057 | D:2      | Reached skill level 3 in Fighting
  1185 | D:2      | Reached XP level 4. HP: 25/28 MP: 4/4
  1269 | D:2      | 1269 ||| UPGRADING to amulet of the acrobat.
  1274 | D:2      | 1274 ||| READING scroll labelled TENUJI HONIRGHU.
  1277 | D:2      | 1277 ||| READING scroll labelled LUFOEVV MONOSI.
  1278 | D:2      | 1278 ||| READING scroll labelled TYDULE USAONAINY.
  1279 | D:2      | 1279 ||| DRINKING 2 white potions.
  1284 | D:2      | 1284 ||| DROPPING potion of ambrosia.
  1374 | D:3      | Noticed Terence
  1381 | D:3      | HP: 7/28 [Terence/+5 flail of protection (2)]
  1383 | D:3      | HP: 2/28 [Terence/+5 flail of protection (2)]
  1385 | D:3      | Slain by Terence

Levels and vault maps discovered:
D:1:      amcnicky_arrival_blooded_trapdoor, layout_basic,
          chequers_serial_rivers_small_3, serial_bayou_pond_a, minmay_tripent
D:2:      layout_rooms, basic_altar
D:3:      layout_loops_cross, hangedman_ru_absence, lightli_temple_of_fire,
          nicolae_elevator_lobby_plus, uniq_terence

Skill      XL: |  1  2  3 |
---------------+----------+-----
Ranged Weapons | 5 |  5.3
Fighting       | 3 |  3.0
Dodging        | |  1.5
Stealth        | |  1.1

Action                     |  1- 3 |  4- 6 || total
---------------------------+-------+-------++-------
   Fire: Shortbow          |   123 |    25 ||   148
    Use: Scroll            |     2 |     3 ||     5
         Potion            |     1 |     1 ||     2
 Armour: Leather armour    |    44 |     7 ||    51
  Dodge: Dodged            |    54 |     6 ||    60

Table legend:
 A = Non-vault XP
 B = Vault XP
 C = Vault XP percentage of total XP
 D = Non-vault monster count
 E = Vault monster count
 F = Vault count percentage of total count
                 A         B        C        D         E       F
            +---------+---------+-------+---------+---------+-------
      Total |     106 |       2 |   1.9 |      42 |       2 |   4.5
            +---------+---------+-------+---------+---------+-------
        D:1 |      27 |       2 |   6.9 |      16 |       2 |  11.1
        D:2 |      63 |       0 |   0.0 |      20 |       0 |   0.0
        D:3 |      16 |       0 |   0.0 |       6 |       0 |   0.0
            +---------+---------+-------+---------+---------+-------
